 Dungeon Crawl Stone Soup version 0.23-a0-338-g8ff0b24 (webtiles) character file.

9 Garbasso the Caller (level 2, 19/19 HPs)
             Began as a Merfolk Summoner on Oct 18, 2018.
             Quit the game on level 1 of the Dungeon.
             The game lasted 00:02:34 (1063 turns).

Garbasso the Caller (Merfolk Summoner)              Turns: 1063, Time: 00:02:36

Health: 19/19      AC:  2    Str:  8    XL:     2   Next: 16%
Magic:  5/5        EV: 13    Int: 14    God:
Gold:   4          SH:  0    Dex: 14    Spells: 2/5 levels left

rFire    . . .     SeeInvis .   e - -2 short sword (curse)
rCold    + . .     Gourm    .   (no shield)
rNeg     . . .     Faith    .   a - +0 robe
rPois    .         Spirit   .   (no helmet)
rElec    .         Reflect  .   (no cloak)
rCorr    .         Harm     .   (no gloves)
MR       .....                  (no boots)
Stlth    ++........             (no amulet)
HPRegen  0.06/turn              b - ring of protection from cold
MPRegen  0.09/turn              (no ring)

@: no status effects
A: change form in water, swift swim, stealthy swim
a: no special abilities


You were on level 1 of the Dungeon.
You were not hungry.

You visited 1 branch of the dungeon, and saw 1 of its levels.

You collected 4 gold pieces.

Inventory:

Hand Weapons
 e - a cursed -2 short sword (weapon)
Armour
 a - a +0 robe (worn)
Jewellery
 b - a ring of protection from cold (left hand)
Potions
 d - a potion of lignification {unknown}
Comestibles
 c - 3 rations
 f - 4 chunks of flesh


   Skills:
 - Level 2.6 Dodging
 - Level 2.1 Stealth
 + Level 2.0 Spellcasting
 * Level 4.5 Summonings


You had 2 spell levels left.
You knew the following spells:

 Your Spells              Type           Power        Failure   Level  Hunger
a - Summon Small Mammal   Summ           ##..         3%          1    ##.....
b - Call Imp              Summ           ##......     5%          2    ###....

Your spell library contained the following spells:

 Spells                   Type           Power        Failure   Level  Hunger
 Call Canine Familiar     Summ           ##......     11%         3    ####...
 Summon Guardian Golem    Hex/Summ       #.......     28%         3    ####...
 Summon Ice Beast         Ice/Summ       #.......     67%         4    #####..
 Summon Lightning Spire   Summ/Air       #.......     67%         4    #####..


Dungeon Overview and Level Annotations

Branches:
Dungeon (1/15)

Altars:


Message History

f - 5 chunks of flesh (gained 3)
Things that are here:
a +0 club; a jackal skeleton; a hobgoblin skeleton You start resting.
Eating one of 5 chunks of flesh.
You eat one of the 5 chunks of flesh.
This raw flesh tastes terrible.
Your rat disappears in a puff of smoke!
Magic restored.
Memorise Call Imp, consuming 2 spell levels and leaving 2?
You start memorising the spell.
You continue memorising. x2
You finish memorising.
Spell assigned to 'b'.
Things that are here:
a +0 dagger; a goblin corpse You now have 4 gold pieces.
The rat is too close now for your liking.
Welcome back, Garbasso the Merfolk Summoner.
Press ? for a list of commands and other information.
Saving game... please wait.
Welcome back, Garbasso the Merfolk Summoner.
Press ? for a list of commands and other information.
Are you sure you want to abandon this character and quit the game? (Confirm

.#......# #.#.##.# .#.......
#.#.#..# .#......# #.##
.#......# #.# .#......# #.#
.#......################ #.#
.#......).)............! #.#
ยง##.....#######...##..#.#.#.#
.##.............@.....# #.#.#
.##.....######....#...# #.#.#
r##.#.............#...# #.#.#
r##.#########.#...# ..# #.#.#
.r..# #r#.%.# ...#.#.#
.......... ......#######.#.#
########## ## #.............#
#..########.### #...r.h...h.#


You could see a rat (wandering).

Vanquished Creatures
  A dart slug (D:1)
  A goblin (D:1)
  A jackal (D:1)
  2 frilled lizards (D:1)
5 creatures vanquished.

Vanquished Creatures (collateral kills)
  A goblin (D:1)
  2 hobgoblins (D:1)
  2 jackals (D:1)
5 creatures vanquished.

Grand Total: 10 creatures vanquished

Notes
Turn   | Place    | Note
-------+----------+-------------------------------------------
     0 | D:1      | Garbasso the Merfolk Summoner began the quest for the Orb.
     0 | D:1      | Reached XP level 1. HP: 13/13 MP: 3/3
   992 | D:1      | Reached XP level 2. HP: 18/19 MP: 5/5
  1052 | D:1      | Learned a level 2 spell: Call Imp
  1063 | D:1      | Quit the game

Vault maps used:
D:1:      evilmike_arrival_hilbert_curve, serial_park_tiny_1

Action                   || total
-------------------------++-------
Melee: Unarmed           ||    13
       Short sword       ||     4
 Cast: Summon Small Mamm ||    20
  Eat: Chunk             ||     1
Armor: Robe              ||     5
Dodge: Dodged            ||    23

Table legend:
 A = Non-vault XP
 B = Vault XP
 C = Vault XP percentage of total XP
 D = Non-vault monster count
 E = Vault monster count
 F = Vault count percentage of total count
                 A         B        C        D         E       F
            +---------+---------+-------+---------+---------+-------
      Total |      14 |       0 |   0.0 |      10 |       0 |   0.0
            +---------+---------+-------+---------+---------+-------
        D:1 |      14 |       0 |   0.0 |      10 |       0 |   0.0
            +---------+---------+-------+---------+---------+-------
